 Dungeon Crawl Stone Soup version 0.22.1-1-ga44c0e5 (webtiles) character file.

290 Waffles the Poker (level 6, -3/43 HPs)
             Began as an Octopode Fighter on Oct 29, 2018.
             Was a Follower of Ashenzari.
             Slain by a sky beast (5 damage)
             ... on level 3 of the Dungeon.
             The game lasted 00:08:03 (4265 turns).

Waffles the Poker (Octopode Fighter)                Turns: 4265, Time: 00:08:04

Health: -3/43      AC:  1    Str: 15    XL:     6   Next: 32%
Magic:  7/7        EV: 12    Int: 10    God:    Ashenzari [*.....]
Gold:   198        SH:  9    Dex: 14    Spells: 5/5 levels left

rFire    . . .     SeeInvis .   a - +0 trident
rCold    + . .     Gourm    .   b - +0 shield
rNeg     . . .     Faith    .   (helmet restricted)
rPois    .         Spirit   .   j - amulet of rage
rElec    .         Reflect  .   l - ring of protection from cold
rCorr    .         Harm     .   (no ring)
MR       .....                  (no ring)
Stlth    +++.......             (no ring)
HPRegen  0.14/turn              (no ring)
MPRegen  0.10/turn              (no ring)
                                (no ring)
                                (no ring)

@: no status effects
A: almost no armour, stealthy swim, amphibious, 8 rings, constrict 8, camouflage
1, gelatinous body 1
a: Curse Item, Scrying, Renounce Religion, Evoke Berserk Rage


You were on level 3 of the Dungeon.
You worshipped Ashenzari.
Ashenzari was aware of your devotion.
You were very hungry.

You visited 1 branch of the dungeon, and saw 4 of its levels.

You collected 198 gold pieces.

Inventory:

Hand Weapons
 a - a +0 trident (weapon)
Armour
 b - a +0 shield (worn)
Jewellery
 j - an amulet of rage (around mantle)
 l - a ring of protection from cold (left tentacle)
Scrolls
 f - a scroll of noise {unknown}
 g - 2 scrolls of remove curse
 i - 7 scrolls of identify {unknown}
 m - a scroll of teleportation {unknown}
 n - 2 scrolls of enchant weapon {unknown}
 p - a scroll of fear {unknown}
 q - a scroll of magic mapping {unknown}
 s - a scroll of fog {unknown}
 t - a scroll of immolation {unknown}
 u - a scroll of enchant armour {unknown}
Potions
 c - a potion of might
 e - 2 potions of lignification {unknown}
 h - 3 potions of cancellation {unknown}
 k - a potion of invisibility {unknown}
 o - 3 potions of brilliance {unknown}
 r - 2 potions of flight {unknown}
Comestibles
 d - 9 rations


   Skills:
 + Level 4.0 Fighting
 + Level 4.4 Polearms
 + Level 3.4 Dodging
 - Level 1.7 Stealth
 + Level 3.6 Shields
 * Level 2.1 Evocations


You had 5 spell levels left.
You didn't know any spells.
Your spell library was empty.

Dungeon Overview and Level Annotations

Branches:
Dungeon (4/15)
 Temple: D:4-7

Altars:
Ashenzari
Cheibriados
Elyvilon
Vehumet
Yredelemnul

Annotations:
D:1 exclusion: downstairs
D:3 exclusion: 2 downstairs
D:4 3 runed doors, Ijyb


Innate Abilities, Weirdness & Mutations

You cannot wear most types of armour.
You are very stealthy in the water. (Stealth+)
You are amphibious.
You can wear up to eight rings at the same time.
You can use your tentacles to constrict eight enemies at once.
Your skin changes colour to match your surroundings (Stealth+).
Your rubbery body absorbs attacks. (AC +1, EV +1)


Message History

The iguana is lightly wounded.
You constrict the iguana. You block the iguana's attack.
You hit the iguana.
The iguana is heavily wounded.
You constrict the iguana. You block the iguana's attack. The iguana bites you!
You hit the iguana.
The iguana is almost dead.
You constrict the iguana.
You kill the iguana!
The sky beast closely misses you.
There is a stone staircase leading up here.
The sky beast hits you. The sky beast shocks you.
* * * LOW HITPOINT WARNING * * *
You climb upwards.
Level annotation: exclusion: 2 downstairs
There is a stone staircase leading down here.
The sky beast hits you.
* * * LOW HITPOINT WARNING * * *
The sky beast shocks you.
You die...

#.# #.#.# #.......#
#.# #...# ##.#####.#
#.###.#####...# #.###
#.##.#.#....#.# #...#
#...###...#...# #.#.#
####.#.#..##.#####.#.#
##.##..............
#.#...###.....##.#
#@................
#Y#...###.....##.#
##.#...####.#.###.#
#>......###.#.#...#
#...........#.#.#.#
#.###.####....#.#..
#.# ### #..###.#.. #.#
#..# #.#.# #.# #..#
#.#.#


You could see a sky beast.

Vanquished Creatures
  An ogre (D:4)
  An orc priest (D:4)
  An iguana (D:4)
  5 adders
  A shadow imp (D:2)
  An ooze (D:2)
  An adder skeleton (D:4)
  A worm (D:3)
  2 dart slugs (D:1)
  3 leopard geckos
  4 orcs
  2 giant cockroaches
  6 goblins
  4 hobgoblins
  20 jackals
  A quokka (D:4)
  A ball python (D:3)
  3 bats
  4 frilled lizards
  A jackal skeleton (D:4)
  4 kobolds
  6 rats
73 creatures vanquished.

Notes
Turn   | Place    | Note
-------+----------+-------------------------------------------
     0 | D:1      | Waffles the Octopode Fighter began the quest for the Orb.
     0 | D:1      | Reached XP level 1. HP: 16/16 MP: 1/1
   177 | D:1      | Reached XP level 2. HP: 13/21 MP: 2/2
   830 | D:1      | Found a shattered altar of Ashenzari.
   834 | D:1      | Reached XP level 3. HP: 26/26 MP: 3/3
   848 | D:1      | Became a worshipper of Ashenzari the Shackled
   867 | D:1      | Reached skill level 1 in Stealth
  1476 | D:2      | Reached XP level 4. HP: 23/31 MP: 4/4
  1741 | D:2      | Found a faded altar of an unknown god.
  1759 | D:2      | Found a white marble altar of Elyvilon.
  2516 | D:3      | Reached skill level 1 in Evocations
  2584 | D:3      | Reached XP level 5. HP: 36/36 MP: 5/5
  2756 | D:4      | Noticed an ogre
  2763 | D:4      | Killed an ogre
  3011 | D:4      | Reached * piety under Ashenzari
  3179 | D:4      | Reached XP level 6. HP: 24/43 MP: 7/7
  3181 | D:4      | Found a runed gate.
  3455 | D:4      | Found a runed gate.
  3456 | D:4      | Found a runed gate.
  3498 | D:4      | Noticed Ijyb
  3545 | D:4      | Noticed a sky beast
  3902 | D:4      | Found a radiant altar of Vehumet.
  3904 | D:4      | Found a snail-covered altar of Cheibriados.
  4180 | D:4      | Found a basalt altar of Yredelemnul.
  4265 | D:3      | HP: 2/43 [sky beast (5)]
  4265 | D:3      | Slain by a sky beast

Skill      XL: |  1  2  3  4  5  6 |
---------------+-------------------+-----
Stealth        | 1 |  1.7
Polearms       | 3 4 |  4.4
Evocations     | 1 2 |  2.1
Fighting       | 4 |  4.0
Dodging        | |  3.4
Shields        | |  3.6

Action                   |  1- 3 |  4- 6 || total
-------------------------+-------+-------++-------
Melee: Trident           |    60 |   112 ||   172
       Constrict         |    13 |    22 ||    35
       Tentacles         |     6 |    20 ||    26
 Stab: Sleeping          |     5 |     9 ||    14
  Eat: Chunk             |     2 |     7 ||     9
Armor: Skin              |     5 |     4 ||     9
Dodge: Dodged            |    22 |    34 ||    56
Block: Shield            |    14 |    34 ||    48
